 Dungeon Crawl Stone Soup version 0.29-a0-384-g6960b1960d (webtiles) character file.

Game seed: 1126460276480911860

18 bastard the Magician (level 2, -2/21 HPs)
             Began as a Djinni Fire Elementalist on May 7, 2022.
             Slain by a goblin
             ... wielding a +0 dagger
             ... led by Robin
              (3 damage)
             ... on level 1 of the Dungeon.
             The game lasted 00:01:13 (1640 turns).

bastard the Magician (Djinni Fire Elementalist)     Turns: 1640, Time: 00:01:13

Health: -2/21      AC:  2    Str:  7    XL:     2   Next: 85%
Gold:   79         EV: 12    Int: 16    God:
                   SH:  0    Dex: 13

rFire   + + .      SeeInvis .   (no weapon)
rCold   x . .      Faith    .   (no shield)
rNeg    . . .      Spirit   .   a - +0 robe
rPois   ∞          Reflect  .   (no helmet)
rElec   .          Harm     .   (no cloak)
rCorr   .          Rampage  .   (no gloves)
Will    .....                   (boots unavailable)
Stlth   ++........              (no amulet)
HPRegen 0.07/turn               c - ring of wizardry
MPRegen 0.00/turn               (no ring)

@: flying
A: sickness immunity, fire resistance 2, cold vulnerability 1, float, innate
caster, HP casting, extra vitality 1
a: no special abilities


You were on level 1 of the Dungeon.
You visited 1 branch of the dungeon, and saw 2 of its levels.

You collected 79 gold pieces.

Inventory:

Armour
 a - a +0 robe (worn)
Jewellery
 c - a ring of wizardry (left hand)
Potions
 b - a potion of resistance {unknown}


   Skills:
 - Level 2.1 Dodging
 - Level 1.5 Stealth
 + Level 3.1 Spellcasting


You couldn't memorise any spells.
You knew the following spells:

 Your Spells              Type           Power      Damage    Failure   Level
a - Foxfire               Conj/Fire      48%        2x1d6     2%          1
b - Scorch                Fire           24%        2d6       3%          2
c - Conjure Flame         Conj/Fire      12%        6-21      6%          3
d - Inner Flame           Hex/Fire       12%        N/A       6%          3
e - Flame Wave            Conj/Fire      12%        2d6       21%         4
Your spell library was empty.

Dungeon Overview and Level Annotations

Branches:
Dungeon (2/15)

Altars:

Annotations:
D:2 Robin


Innate Abilities, Weirdness & Mutations

You are immune to sickness and miasma.
You are immune to poison.
Your flesh is very heat resistant. (rF++)
You are vulnerable to cold. (rC-)
You float through the air rather than walking.
You learn spells naturally, not from books.
Your magical power is your life essence.
You have superior vitality. (+4 MHP)


Message History

You see here a frilled lizard corpse.
There is an escape hatch in the floor here.
Found 21 stones.
c - a ring of wizardry You conjure some foxfire!
Done exploring.
You aren't carrying any scrolls.
c - a ring of wizardry (left hand)
Okay, then.
Okay, then.
(D) Dungeon
Where to? (? - help)
There is an escape hatch in the floor here.
There is an open door here.
You see here a frilled lizard corpse.
There is a stone staircase leading down here.
You fly downwards.
The goblin shouts! x2; The hobgoblin shouts!
The goblin shouts!
The hobgoblin shouts!
You hear a shout!
The goblin shouts!
The hobgoblin shouts!
Robin shouts!
You hear a shout! x2
You hear an angry hiss. x2; The goblin shouts!
Found a stone staircase leading up.
There is a stone staircase leading up here.
There are monsters nearby!
The hobgoblin hits you. The goblin hits you with a +0 club.
The goblin closely misses you. The goblin hits you with a +0 dagger.
The hobgoblin misses you.
Robin roars a battlecry!
The goblins go into a battle-frenzy!
You fly upwards.
There is a stone staircase leading down here.
You aren't carrying any scrolls.
The goblin attacks as you move away! The goblin hits you but does no damage.
The hobgoblin closely misses you. The goblin hits you with a +0 club.
The goblin hits you with a +0 dagger. The hobgoblin hits you.
* * * LOW HITPOINT WARNING * * *
The goblin closely misses you. The goblin attacks as you move away!
The goblin hits you with a +0 dagger.
You die...

####### ##.....## ##.......##
#......)..# #...).gg..#
#.....ggg.# #......@..#
#.........# ##.......## ### ####
#.........# #.# ...#
#.........######.# ...####
#.........##.....##
......####.........#..##...######
...##................###.........
....................## #.........


You could see 2 hobgoblins and 3 goblins.

Vanquished Creatures
  An endoplasm (D:1)
  A giant cockroach (D:1)
  3 goblins (D:1)
  A hobgoblin (D:1)
  2 kobolds (D:1)
  3 ball pythons (D:1)
  3 bats (D:1)
  2 frilled lizards (D:1)
  2 rats (D:1)
18 creatures vanquished.

Vanquished Creatures (others)
  114 foxfires (D:1)
114 creatures vanquished.

Grand Total: 132 creatures vanquished

Notes
Turn   | Place    | Note
-------+----------+-------------------------------------------
     0 | D:1      | bastard the Djinni Fire Elementalist began the quest for
                  | the Orb.
     0 | D:1      | Reached XP level 1. HP: 15/15 MP: 0/0
   676 | D:1      | Reached XP level 2. HP: 19/21 MP: 0/0
  1105 | D:1      | Reached skill level 3 in Spellcasting
  1635 | D:2      | Noticed Robin
  1639 | D:1      | HP: 1/21 [hobgoblin[Robin] (6)]
  1640 | D:1      | Slain by a goblin

Illustrated notes

Levels and vault maps discovered:
D:1:      erik_arrival_cave_to_civilisation [erik_arrival_cave_to_hall],
          layout_rooms
D:2:      layout_rooms, hellmonk_ecumenical_altar_leap_of_faith, uniq_robin

Skill      XL: |  1  2 |
---------------+-------+-----
Spellcasting   | 3 |  3.1
Dodging        | |  2.1
Stealth        | |  1.5

Action                   || total
-------------------------++-------
 Cast: Foxfire           ||    66
Armor: Robe              ||     2
Dodge: Dodged            ||     6

Table legend: (Time is in decaauts)
 A = Elapsed time spent in this place.
 B = Non-inter-level travel time spent in this place.
 C = Inter-level travel time spent in this place.
 D = Time resting spent in this place.
 E = Time spent auto-exploring this place.
 F = Levels seen in this place.
 G = Mean time per level.
                   A        B        C        D        E       F      G
               +--------+--------+--------+--------+--------+-----+--------+
         Total |   1639 |   1591 |     48 |      0 |   1487 |   2 |  819.5 |
       Dungeon |   1639 |   1591 |     48 |      0 |   1487 |   2 |  819.5 |
               +--------+--------+--------+--------+--------+-----+--------+

Top non-repeatable levels by time:
     D:1: 1638 daAuts
     D:2: 1 daAuts
